 Dungeon Crawl Stone Soup version 0.29-a0-352-g0917bc69df (webtiles) character file.

Game seed: 17064935661815790192

3 sokol815 the Sneak (level 1, 0/16 HPs)
             Began as an Octopode Delver on Apr 24, 2022.
             Slain by an adder (2 damage)
             ... on level 2 of the Dungeon.
             The game lasted 00:01:19 (123 turns).

sokol815 the Sneak (Octopode Delver)                 Turns: 123, Time: 00:01:20

Health: 0/16       AC:  1    Str: 11    XL:     1   Next: 50%
Magic:  1/1        EV: 13    Int: 12    God:
Gold:   0          SH:  0    Dex: 13    Spells: 0/0 levels left

rFire   . . .      SeeInvis .   a - +0 hand axe
rCold   . . .      Faith    .   (no shield)
rNeg    . . .      Spirit   .   (helmet restricted)
rPois   .          Reflect  .   (no amulet)
rElec   .          Harm     .   (no ring)
rCorr   .          Rampage  .   (no ring)
Will    .....                   (no ring)
Stlth   ++++......              (no ring)
HPRegen 0.05/turn               (no ring)
MPRegen 0.07/turn               (no ring)
                                (no ring)
                                (no ring)

@: no status effects
A: almost no armour, amphibious, 8 rings, camouflage 1, gelatinous body 1,
(nimble swimmer 1), tentacles
a: no special abilities


You were on level 2 of the Dungeon.
You visited 1 branch of the dungeon, and saw 4 of its levels.

Inventory:

Hand Weapons
 a - a +0 hand axe (weapon)
 c - the +4 flail of Laosusch {elec, Contam rF+ Dex+3}
   (You found it on level 3 of the Dungeon)

   It occasionally discharges a powerful burst of electricity upon striking a
   foe.
   Dex:       It affects your dexterity (+3).
   rF:        It protects you from fire.
   Contam:    It causes magical contamination when unequipped.
Wands
 d - a wand of digging (3)
Scrolls
 b - a scroll of fog
 E - 2 scrolls of fear
 X - a scroll of magic mapping {@r4!r}


   Skills:
 - Level 3.0 Fighting
 + Level 2.3 Axes
 - Level 2.0 Dodging
 - Level 6.6 Stealth


You couldn't memorise any spells.
You didn't know any spells.
Your spell library was empty.

Dungeon Overview and Level Annotations

Branches:
Dungeon (5/15)
 Temple: D:4-7

Altars:

Annotations:
D:3 2 transporters, Zakronia's ghost, weakling MiFi
D:4 Sigmund


Innate Abilities, Weirdness & Mutations

You cannot wear most types of armour.
You are amphibious.
You can wear up to eight rings at the same time.
Your skin changes colour to match your surroundings (Stealth+).
Your rubbery body absorbs attacks. (AC +1, EV +1)
((You are camouflaged when in or above water. (Stealth+)))
You have tentacles for arms and can constrict up to eight enemies at once.


Message History

Found a stone staircase leading up.
There is a stone staircase leading up here.
You climb upwards.
Sigmund shouts!
There is a stone staircase leading down here.
A goblin comes into view. It is wielding a +0 dagger.
Found a stone staircase leading up.
Sigmund points at you and mumbles some strange words.
You are confused.
You feel yourself speed up.
The goblin shouts!
An ogre comes into view. It is wielding a +0 giant club.
The goblin barely misses you. Sigmund gestures at you while chanting.
You are more confused.
You bump into the rock wall.
The goblin hits you but does no damage.
You bump into the rock wall.
You miss the goblin. You squeeze the goblin.
You kill the goblin!
You bump into the rock wall.
Sigmund barely misses you.
There is a stone staircase leading up here.
You climb upwards.
You feel less confused.
There is a stone staircase leading down here.
An endoplasm comes into view.
The gnoll shouts!
The endoplasm quivers.
You can't see that place. [Stash: a puce potion] [the floor.] Unknown command.
A frilled lizard comes into view.
The endoplasm freezes you.
You are frozen.
You take 1 damage, and have 15/16 hp.
You hit the endoplasm. You slash the endoplasm!
You kill the endoplasm!
The frilled lizard hisses angrily.
You closely miss the frilled lizard. Your grab misses the frilled lizard.
Health restored: 16 You hit the frilled lizard.
You kill the frilled lizard!
No target in view!
No target in view!
Found a crystal flail.
E - 2 scrolls of fear (gained 1)
Your extra speed is starting to run out.
Found 17 gold pieces.
Found a stone staircase leading up.
You see here the +4 flail of Laosusch {elec, Contam rF+ Dex+3}.
c - the +4 flail of Laosusch {elec, Contam rF+ Dex+3} A frilled lizard comes into view.
You feel yourself slow down.
There is a stone staircase leading up here.
You climb upwards.
The adder hisses angrily.
There is a stone staircase leading down here.
A bat comes into view.
You miss the adder. Your grab misses the adder. The adder closely misses you.
The adder misses you.
You barely miss the adder. Your grab misses the adder.
Your squeeze misses the adder. You hit the worm. The bat barely misses you.
The adder bites you. The bat barely misses you.
You take 3 damage, and have 13/16 hp.
You completely miss the worm. You grab the worm. You hit the adder.
You completely miss the bat. You constrict the worm. The bat barely misses you.
The adder bites you. The worm misses you. The adder closely misses you.
You take 1 damage, and have 12/16 hp.
You closely miss the adder. Your grab misses the adder.
Your squeeze misses the adder. You hit the worm but do no damage.
You constrict the worm, but do no damage.
The bat hits you but does no damage. The adder bites you. The worm misses you.
You take 3 damage, and have 9/16 hp.
You are too injured to fight recklessly!
You are too injured to fight recklessly!
You are too injured to fight recklessly!
You barely miss the adder. Your grab misses the adder.
You hit the worm but do no damage. You constrict the worm. The adder bites you.
The bat hits you but does no damage. The adder closely misses you.
You take 1 damage, and have 8/16 hp.
You barely miss the adder. Your grab misses the adder. You hit the worm.
You hit the bat. You constrict the worm. The bat hits you. x2
The adder closely misses you. The worm barely misses you.
You take 2 damage, and have 6/16 hp.
You closely miss the adder. Your grab misses the adder.
Your squeeze misses the adder. You hit the worm. You miss the bat.
You constrict the worm. The bat closely misses you. The adder bites you.
* * * LOW HITPOINT WARNING * * *
The adder barely misses you. The worm completely misses you.
You take 4 damage, and have 2/16 hp.
MASSIVE DAMAGE!!
You aren't carrying any potions.
Unknown command.
You hit the adder. You grab the adder. You hit the bat.
You kill the bat!
You hit the worm. You constrict the worm.
You constrict the adder, but do no damage.
The adder bites you.
You die...

## . .###.# ####
####.....
.....##.....##
..)....>.$...#.#
...............#
........@w......
........S.......
................
................
................
................
....##.........
#### ####......


You could see a worm and an adder.

Vanquished Creatures
  An endoplasm (D:3)
  A goblin (D:4)
  A bat (D:2)
  A frilled lizard (D:3)
4 creatures vanquished.

Notes
Turn   | Place    | Note
-------+----------+-------------------------------------------
     0 | D:5      | sokol815 the Octopode Delver began the quest for the Orb.
     0 | D:5      | Reached XP level 1. HP: 16/16 MP: 1/1
    10 | D:5      | Noticed a gnoll shaman
    46 | D:4      | Noticed Sigmund
    52 | D:4      | Noticed an ogre
    76 | D:3      | Found a transporter.
    77 | D:3      | Noticed a gnoll shaman
    77 | D:3      | Noticed Zakronia's ghost (weakling MiFi)
    79 | D:3      | Found a transporter.
   104 | D:3      | Identified the +4 flail of Laosusch {elec, Contam rF+
                  | Dex+3}
   122 | D:2      | HP: 2/16 [adder (4)]
   123 | D:2      | Slain by an adder

Illustrated notes

Levels and vault maps discovered:
D:2:      layout_rooms, minmay_pentomino_pile
D:3:      layout_basic, gammafunk_ghost_gnarly_gnolls, uniq_robin
D:4:      layout_basic, minmay_temple_entry_offerings, uniq_ijyb, uniq_sigmund
D:5:      layout_basic, eat_drink_and_be_merry_uskayaw, kennysheep_windowed_goal

Action                   || total
-------------------------++-------
Melee: Hand axe          ||    13
       Constrict         ||     2
       Tentacles         ||     1
  Use: Potion            ||     1
Armor: Skin              ||     3
Dodge: Dodged            ||    16

Table legend: (Time is in decaauts)
 A = Elapsed time spent in this place.
 B = Non-inter-level travel time spent in this place.
 C = Inter-level travel time spent in this place.
 D = Time resting spent in this place.
 E = Time spent auto-exploring this place.
 F = Levels seen in this place.
 G = Mean time per level.
                   A        B        C        D        E       F      G
               +--------+--------+--------+--------+--------+-----+--------+
         Total |    105 |    105 |      0 |      0 |      8 |   4 |   26.2 |
       Dungeon |    105 |    105 |      0 |      0 |      8 |   4 |   26.2 |
               +--------+--------+--------+--------+--------+-----+--------+

Top non-repeatable levels by time:
     D:5: 46 daAuts
     D:3: 32 daAuts
     D:4: 16 daAuts
     D:2: 11 daAuts

Table legend:
 A = Kills in this place as a percentage of kills in entire the game.
 B = Kills by you in this place as a percentage of kills by you in the entire game.
 C = Kills by friends in this place as a percentage of kills by friends in the entire game.
 D = Other kills in this place as a percentage of other kills in the entire game.
 E = Experience gained in this place as a percentage of experience gained in the entire game.
 F = Experience gained in this place divided by the number of levels of this place that you have seen.
                   A       B       C       D       E      F
               +-------+-------+-------+-------+-------+----------------------
         Total | 100.0 | 100.0 |   N/A |   N/A | 100.0 |   1.5
       Dungeon | 100.0 | 100.0 |   N/A |   N/A | 100.0 |   1.5
               +-------+-------+-------+-------+-------+----------------------
